 Dungeon Crawl Stone Soup version 0.24-a0-126-g3f76249 (webtiles) character file.

Game seed: 12833323251339290296

3077 zishaf the Nimble (level 9, -19/44 HPs)
             Began as a Spriggan Warper on Feb 25, 2019.
             Was an Initiate of Gozag.
             Demolished by an orc warrior
             ... wielding a +0 war axe
              (24 damage)
             ... in a bailey.
             The game lasted 00:42:30 (14398 turns).

zishaf the Nimble (Spriggan Warper)                Turns: 14398, Time: 00:42:31

Health: -19/44     AC:  3    Str:  7    XL:     9   Next: 58%
Magic:  0/19       EV: 24    Int: 18    God:    Gozag
Gold:   234        SH:  0    Dex: 15    Spells: 7/20 levels left

rFire    . . .     SeeInvis +   a - +0 rapier
rCold    . . .     Gourm    .   (shield restricted)
rNeg     . . .     Faith    .   r - +1 robe
rPois    .         Spirit   +   (helmet restricted)
rElec    .         Reflect  .   (no cloak)
rCorr    .         Harm     .   (gloves unavailable)
MR       ++...                  (boots unavailable)
Stlth    ++++......             m - amulet of guardian spirit
HPRegen  0.14/turn              c - ring of wizardry
MPRegen  0.16/turn              i - ring of protection from magic

@: very quick
A: very small, unfitting armour, see invisible, herbivore, speed 3, slow
metabolism 2
a: Potion Petition, Call Merchant, Bribe Branch, Renounce Religion


You were in a bailey.
You worshipped Gozag.
Gozag was aware of your devotion.
You were not hungry.

You visited 1 branch of the dungeon, and saw 8 of its levels.
You also visited: Ossuary and Bailey.

You collected 954 gold pieces.
You paid 720 gold pieces to Gozag.

Inventory:

Hand Weapons
 a - a +0 rapier (weapon)
 b - a +0 hunting sling
Missiles
 e - 4 tomahawks of dispersal
 h - 164 stones (quivered)
 s - 11 tomahawks
Armour
 r - a +1 robe (worn)
Jewellery
 c - a ring of wizardry (left hand)
 i - a ring of protection from magic (right hand)
 m - an amulet of guardian spirit (around neck)
 w - an uncursed amulet of rage
Wands
 k - a wand of iceblast (7)
Scrolls
 d - 3 scrolls of blinking
 j - 2 scrolls of fear
 l - 6 scrolls of teleportation
 t - a scroll of acquirement {unknown}
 u - 3 scrolls of remove curse
 y - a scroll of vulnerability {unknown}
 B - a scroll of noise {unknown}
 C - a scroll of enchant armour
 G - a scroll of enchant weapon {unknown}
Potions
 n - 2 potions of mutation
 p - a potion of cancellation
 q - 4 potions of flight
 v - a potion of agility
 x - a potion of berserk rage {unknown}
 z - 3 potions of invisibility
 A - 3 potions of lignification
 D - 2 potions of heal wounds
 E - a potion of resistance {unknown}
Comestibles
 f - 7 rations


   Skills:
 + Level 3.5 Fighting
 - Level 5.0 Short Blades
 - Level 1.7(2.0) Slings
 - Level 1.0(1.3) Throwing
 + Level 9.1 Dodging
 - Level 8.0 Stealth
 - Level 6.0 Spellcasting
 - Level 6.0 Charms
 - Level 2.0 Summonings
 + Level 9.1 Translocations
 + Level 2.5 Evocations


You had 7 spell levels left.
You knew the following spells:

 Your Spells              Type           Power        Failure   Level  Hunger
a - Blink                 Tloc           N/A          1%          2    None
b - Shroud of Golubria    Chrm/Tloc      ####......   1%          2    None
c - Teleport Other        Tloc           #####...     1%          3    ##.....
d - Call Imp              Summ           ##......     3%          2    None
e - Passage of Golubria   Tloc           N/A          1%          4    ####...

Your spell library contained the following spells:

 Spells                   Type           Power        Failure   Level  Hunger
 Gell's Gravitas          Tloc           #####.....   1%          3    ##.....
 Lesser Beckoning         Tloc           #####.....   1%          3    ##.....
 Magic Dart               Conj           #...         4%          1    None
 Slow                     Hex            #.......     8%          2    None
 Conjure Flame            Conj/Fire      #.......     14%         3    ##.....
 Mephitic Cloud           Conj/Pois/Air  #.......     14%         3    ##.....


Dungeon Overview and Level Annotations

Branches:
Dungeon (8/15)             Temple (0/1) D:7
   Lair: D:8-11

Altars:
Elyvilon
Gozag
Nemelex Xobeh
Sif Muna
Uskayaw
Yredelemnul
The Shining One


Innate Abilities, Weirdness & Mutations

You are very small and have problems with some larger weapons.
You are too small for most types of armour.
You have supernaturally acute eyesight. (SInv)
You are a herbivore.
You cover ground extremely quickly.
You need to consume almost no food.


Message History

The orc knight hits you with a +0 morningstar of protection!!
Ouch! That really hurt!
The orc warrior hits you with a +0 war axe!
The hobgoblin shouts!
You see here a scroll of blinking.
d - 3 scrolls of blinking (gained 1)
You hear a shout!
The orc knight roars a battlecry!
The orcs go into a battle-frenzy!
You see here a potion of heal wounds.
The orc knight roars a battlecry!
The orc knight goes into a battle-frenzy!
There is a gate leading back out of this place here.
The orc barely misses you.
The orc knight hits you with a +0 morningstar of protection!!
* * * LOW HITPOINT WARNING * * *
The orc warrior hits you with a +0 war axe!!
Ouch! That really hurt!
You die...
Your body crumbles into a pile of gold.

...........#
.......o...#
#.........###
###.....#'#.###
###.###.....###
###....oo...##
#8......g..?#
#8......ogoo#
.o.....o...o@#
..#8.........?#
.##8........!?#
##........?##
###...g.###
#'#.## ##


You could see 2 orc knights, 2 orc warriors, 3 orcs, 2 hobgoblins and a goblin.

Vanquished Creatures
  An orc knight (Bailey)
  An air elemental (D:4)
  Sigmund (D:6)
  A hungry ghost (D:7)
  3 orc warriors
  4 phantoms
  A centaur (D:5)
  Blork the orc (D:6)
  2 scorpions (Ossuary)
  2 wights
  A crimson imp (D:7)
  2 centaur zombies
  2 human zombies (Ossuary)
  4 orc priests
  2 bullfrog skeletons
  A centaur skeleton (D:8)
  A hound (D:3)
  3 jellies
  3 orc wizards
  A killer bee zombie (D:8)
  A big kobold zombie (Ossuary)
  A hound zombie (D:5)
  2 mummies (Ossuary)
  6 adders
  5 gnolls (Bailey)
  5 scorpion zombies (Ossuary)
  A shadow imp (D:6)
  3 oozes
  A worm (D:2)
  2 leopard geckos
  18 orcs
  3 ball pythons
  12 bats
  6 giant cockroaches
  17 goblins
  11 hobgoblins
  6 jackals
  5 kobolds
  3 quokkas
  4 frilled lizards
  A goblin zombie (Ossuary)
  A hobgoblin zombie (Ossuary)
  2 kobold zombies (Ossuary)
  A quokka zombie (D:7)
  4 rats
158 creatures vanquished.

Vanquished Creatures (collateral kills)
  The ghost of NotJohn128 the Cudgeler, an amateur MiFi (D:4)
  Grinder (D:6)
  A hornet (D:7)
  The ghost of explorer the Magician, an amateur DEEE (D:4)
  2 orc warriors
  An ogre (D:4)
  4 scorpions (Ossuary)
  A wight (D:5)
  4 orc priests
  A jelly (D:7)
  An iguana (D:4)
  A mummy (Ossuary)
  4 gnolls
  2 scorpion zombies (Ossuary)
  An adder (D:4)
  9 orcs
  8 goblins (Bailey)
  2 hobgoblins (Bailey)
  A quokka (D:7)
  2 goblin zombies (Ossuary)
  A hobgoblin zombie (Ossuary)
  An orc zombie (Ossuary)
50 creatures vanquished.

Vanquished Creatures (others)
  A ball lightning (D:6)
  A goblin (D:3)
  A goblin zombie (Ossuary)
  A withered plant (D:4)
4 creatures vanquished.

Grand Total: 212 creatures vanquished

Notes
Turn   | Place    | Note
-------+----------+-------------------------------------------
     0 | D:1      | zishaf the Spriggan Warper began the quest for the Orb.
     0 | D:1      | Reached XP level 1. HP: 10/10 MP: 5/5
   347 | D:1      | Reached skill level 1 in Stealth
   353 | D:1      | Reached XP level 2. HP: 13/15 MP: 6/6
   358 | D:1      | Learned a level 2 spell: Blink
   361 | D:1      | Learned a level 2 spell: Shroud of Golubria
   957 | D:1      | Reached skill level 1 in Charms
  1239 | D:1      | Reached XP level 3. HP: 18/18 MP: 8/8
  1603 | D:1      | Learned a level 3 spell: Teleport Other
  1626 | D:2      | Found a hide-covered altar of Uskayaw.
  2153 | D:2      | Found a sparkling altar of Nemelex Xobeh.
  2158 | D:2      | Became a worshipper of Nemelex Xobeh the Trickster
  2361 | D:2      | Received a gift from Nemelex Xobeh
  2559 | D:2      | Reached XP level 4. HP: 17/23 MP: 9/9
  2703 | D:2      | Found a deep blue altar of Sif Muna.
  3135 | D:3      | Reached XP level 5. HP: 22/26 MP: 8/11
  3754 | D:2      | Reached skill level 5 in Translocations
  4053 | D:3      | Reached * piety under Nemelex Xobeh
  4123 | D:3      | Reached skill level 1 in Slings
  4123 | D:3      | Reached skill level 5 in Dodging
  4705 | D:4      | Received a gift from Nemelex Xobeh
  4731 | D:4      | Noticed a phantom
  4812 | D:4      | Killed a phantom
  4812 | D:4      | Reached XP level 6. HP: 27/30 MP: 12/12
  5083 | D:4      | Found a glowing golden altar of the Shining One.
  5167 | D:4      | Found a runed translucent gate.
  5167 | D:4      | Found a runed translucent gate.
  5168 | D:4      | Found a runed translucent gate.
  5168 | D:4      | Noticed explorer's ghost (amateur DEEE)
  5168 | D:4      | Noticed NotJohn128's ghost (amateur MiFi)
  5632 | D:4      | Found a basalt altar of Yredelemnul.
  5725 | D:4      | Learned a level 2 spell: Call Imp
  5824 | D:4      | Found a white marble altar of Elyvilon.
  5871 | D:5      | Entered Level 5 of the Dungeon
  6187 | D:5      | Reached XP level 7. HP: 24/35 MP: 11/14
  6357 | D:5      | Received a gift from Nemelex Xobeh
  6429 | D:5      | Reached ** piety under Nemelex Xobeh
  6642 | D:5      | Found an opulent altar of Gozag.
  6719 | D:4      | Killed NotJohn128's ghost
  6719 | D:4      | Reached skill level 1 in Summonings
  6719 | D:4      | Killed explorer's ghost
  6788 | D:5      | Fell from the grace of Nemelex Xobeh
  6788 | D:5      | Became a worshipper of Gozag Ym Sagoz the Greedy
  6999 | D:5      | Noticed an air elemental
  6999 | D:5      | Noticed a fire crab
  7044 | D:4      | Killed an air elemental
  7294 | D:6      | Noticed Blork the orc
  7309 | D:6      | Noticed Grinder
  7336 | D:6      | Killed Blork the orc
  7336 | D:6      | Reached skill level 5 in Stealth
  7336 | D:6      | Reached skill level 5 in Charms
  7502 | D:6      | Killed Grinder
  8003 | D:6      | Reached XP level 8. HP: 24/39 MP: 6/15
  8538 | D:6      | Noticed Sigmund
  8544 | D:6      | Killed Sigmund
  9756 | D:7      | Reached skill level 5 in Spellcasting
 10151 | D:7      | Found a basalt altar of Yredelemnul.
 10161 | D:7      | Found a sand-covered staircase.
 10172 | Ossuary  | Entered an ossuary
 10632 | Ossuary  | HP: 2/40 [poisoned by a scorpion]
 11310 | Ossuary  | Reached XP level 9. HP: 9/44 MP: 1/18
 12990 | D:7      | Reached skill level 5 in Short Blades
 13204 | D:7      | Found a staircase to the Ecumenical Temple.
 13369 | D:8      | Paralysed by a hornet for 3 turns
 13584 | D:8      | Found a flagged portal.
 13614 | D:8      | Learned a level 4 spell: Passage of Golubria
 13615 | Bailey   | Entered a bailey
 14178 | Bailey   | Noticed an orc knight
 14211 | Bailey   | Reached skill level 1 in Evocations
 14301 | Bailey   | Killed an orc knight
 14351 | Bailey   | Noticed an orc warlord
 14374 | Bailey   | Noticed an orc knight
 14385 | Bailey   | Noticed an orc knight
 14398 | Bailey   | Demolished by an orc warrior

Levels and vault maps discovered:
D:1:      co_arrival_random_square_maze, layout_basic
D:2:      layout_basic, lemuel_blue_sif_altar, lemuel_round_altar,
          nemelex_spade_bored_becter
D:3:      layout_rooms, grunt_ministairs_8
D:4:      layout_cave_pools, kennysheep_ying_yang, gammafunk_ghost_cemetery,
          first_ration, nicolae_tso_swordbearing_angel
D:5:      layout_loops_cross, nicolae_gozag_seed_capital,
          chequers_serial_rivers_large_a, grunt_decor_one_mirror
D:6:      layout_basic, uniq_blork_the_orc, uniq_grinder, uniq_sigmund
D:7:      layout_cave_pools, minmay_temple_entry_enclosed_plants,
          nicolae_ossuary_entry_ruins, basic_altar, st_stairs_5
D:8:      layout_basic, kennysheep_mini, enter_bailey_2, grunt_livestock,
          kennysheep_small_square, uniq_harold
Ossuary:  ossuary_minmay_scorpions
Bailey:   bailey_axe_minmay_hex_keep, bailey

Skill      XL: |  1  2  3  4  5  6  7  8  9 |
---------------+----------------------------+-----
Stealth        | 1 2 3 4 5 7 8 |  8.0
Spellcasting   | 3 4 5 6 |  6.0
Dodging        | 4 5 6 8 9 |  9.1
Charms         | 1 2 3 4 5 6 |  6.0
Fighting       | 2 3 |  3.5
Short Blades   | 3 4 5 |  5.0
Translocations | 5 6 8 9 |  9.1
Slings         | 1 |  1.7
Summonings     | 2 |  2.0
Evocations     | 2 |  2.5
Throwing       | |  1.0

Action                   |  1- 3 |  4- 6 |  7- 9 || total
-------------------------+-------+-------+-------++-------
Melee: Short sword       |   213 |   208 |    34 ||   455
       Rapier            |       |       |   406 ||   406
       Unarmed           |       |       |     5 ||     5
 Fire: Hunting sling     |       |    53 |   179 ||   232
Throw: Stone             |    20 |       |       ||    20
       Tomahawk          |     1 |       |       ||     1
 Cast: Teleport Other    |     4 |       |       ||     4
       Shroud of Golubri |       |     3 |     1 ||     4
       Call Imp          |       |       |   152 ||   152
       Passage of Golubr |       |       |     1 ||     1
Invok: Potion Petition   |       |       |     2 ||     2
 Abil: Draw Summoning    |     1 |     5 |     2 ||     8
       Draw Destruction  |       |     9 |     1 ||    10
Evoke: Wand              |       |     2 |    31 ||    33
  Use: Scroll            |       |       |    13 ||    13
       Potion            |       |       |     3 ||     3
 Stab: Sleeping          |     1 |     1 |     8 ||    10
       Distracted        |       |       |    11 ||    11
       Paralysed         |       |       |     1 ||     1
  Eat: Ration            |       |     2 |     7 ||     9
Armor: Robe              |    27 |    21 |    24 ||    72
Dodge: Dodged            |   257 |   211 |   436 ||   904

Table legend:
 A = Non-vault XP
 B = Vault XP
 C = Vault XP percentage of total XP
 D = Non-vault monster count
 E = Vault monster count
 F = Vault count percentage of total count
                 A         B        C        D         E       F
            +---------+---------+-------+---------+---------+-------
      Total |    2208 |    2189 |  49.8 |     134 |      74 |  35.6
            +---------+---------+-------+---------+---------+-------
        D:1 |      46 |       0 |   0.0 |      27 |       0 |   0.0
        D:2 |     133 |       0 |   0.0 |      26 |       0 |   0.0
        D:3 |     158 |      28 |  15.1 |      22 |       4 |  15.4
        D:4 |     238 |     238 |  50.0 |      14 |       2 |  12.5
        D:5 |     325 |       0 |   0.0 |       9 |       0 |   0.0
        D:6 |     387 |     461 |  54.4 |      14 |       3 |  17.6
        D:7 |     848 |      88 |   9.4 |      19 |       2 |   9.5
        D:8 |      73 |       0 |   0.0 |       3 |       0 |   0.0
    Ossuary |       0 |     482 | 100.0 |       0 |      28 | 100.0
     Bailey |       0 |     892 | 100.0 |       0 |      35 | 100.0
            +---------+---------+-------+---------+---------+-------
